 Dungeon Crawl Stone Soup version 0.20.1-1-g8b1a95d (webtiles) character file.

4995 manon the Carver (level 10, -6/70 HPs)
             Began as a Demonspawn Fighter on Sept 6, 2017.
             Was a Follower of Ashenzari.
             Mangled by a yak (11 damage)
             ... on level 8 of the Dungeon.
             The game lasted 00:38:48 (7122 turns).

manon the Carver (Demonspawn Fighter)               Turns: 7122, Time: 00:38:49

Health: -6/70      AC:  9    Str: 23    XL:     10   Next: 29%
Magic:  10/10      EV: 12    Int: 11    God:    Ashenzari [*.....]
Gold:   345        SH:  9    Dex: 13    Spells: 9/9 levels left

rFire    . . .     SeeInvis .   a - +0 long sword (curse)
rCold    . . .     Gourm    +   c - +0 shield
rNeg     . . .     Faith    .   d - +0 scale mail
rPois    .         Spirit   .   (no helmet)
rElec    .         Reflect  .   (no cloak)
rCorr    +         Harm     .   (no gloves)
MR       .....                  (no boots)
Stlth    ..........             H - amulet of the gourmand
Regen    0.3/turn               M - ring of resist corrosion
MPRegen  0.2/turn               (no ring)

@: mighty
A: hooves 1, yellow scales 2, spiny 2
a: Curse Item, Scrying, Renounce Religion


You were on level 8 of the Dungeon.
You worshipped Ashenzari.
Ashenzari was aware of your devotion.
You were hungry.

You visited 2 branches of the dungeon, and saw 9 of its levels.

You collected 345 gold pieces.

Inventory:

Hand Weapons
 a - a cursed +0 long sword (weapon)
 b - a +0 hunting sling
 k - a +0 hunting sling
 F - a +0 great sword
 Q - a +2 falchion of flaming
Missiles
 l - 51 bolts
 r - 11 stones (quivered)
 u - 28 sling bullets
 D - a throwing net
Armour
 c - a +0 shield (worn)
 d - a +0 scale mail (worn)
 s - a +0 plate armour
 B - a +0 troll leather armour
 C - a cursed +0 buckler
 O - a +0 helmet
Jewellery
 A - an uncursed ring of flight
 H - an amulet of the gourmand (around neck)
 M - a ring of resist corrosion (left hand)
Wands
 G - a wand of polymorph (8/24)
 J - a wand of confusion (26/48)
Scrolls
 e - 3 scrolls of fog {unknown}
 g - 2 scrolls of teleportation {unknown}
 h - 2 scrolls of recharging {unknown}
 i - 4 scrolls of identify
 j - 2 scrolls of enchant armour {unknown}
 m - 3 scrolls of enchant weapon
 q - 5 scrolls of immolation
 w - 2 scrolls of magic mapping {unknown}
 y - a scroll of acquirement {unknown}
 z - a scroll of noise {unknown}
 K - 2 scrolls of amnesia {unknown}
Potions
 n - a potion of cancellation
 o - 2 potions of resistance
 t - 2 potions of flight
 v - a potion of agility {unknown}
 I - 2 potions of heal wounds {unknown}
 L - 3 potions of haste {unknown}
Books
 E - a book of Changes

   Spells                             Type                      Level
   a - Beastly Appendage              Transmutation                1
   b - Sticks to Snakes               Transmutation                2
   c - Spider Form                    Transmutation/Poison         3
   d - Ice Form                       Ice/Transmutation            4
   e - Blade Hands                    Transmutation                5
 N - a book of Minor Magic

   Spells                             Type                      Level
   a - Magic Dart                     Conjuration                  1
   b - Blink                          Translocation                2
   c - Call Imp                       Summoning                    2
   d - Slow                           Hexes                        2
   e - Conjure Flame                  Conjuration/Fire             3
   f - Mephitic Cloud                 Conjuration/Poison/Air       3
Comestibles
 f - 3 bread rations
 p - 5 meat rations
 x - 8 fruits


   Skills:
 - Level 3.0 Fighting
 * Level 11.5 Long Blades
 - Level 2.6 Armour
 + Level 7.9 Dodging
 - Level 2.6 Shields


You had 9 spell levels left.
You didn't know any spells.

Dungeon Overview and Level Annotations

Branches:
Dungeon (8/15)             Temple (1/1) D:7
   Lair: D:8-11

Altars:
Ashenzari
Cheibriados
Dithmenos
Elyvilon
Fedhas
Gozag
Hepliaklqana
Kikubaaqudgha
Makhleb
Nemelex Xobeh
Okawaru
Qazlal
Ru
Sif Muna
Trog
Uskayaw
Vehumet
Xom
Yredelemnul
Zin
The Shining One

Shops:
D:4 %   D:6 [

Annotations:
D:2 Sigmund


Innate Abilities, Weirdness & Mutations

You have large cloven feet.
You are mostly covered in yellow scales. (AC +3)
You are mostly covered in sharp spines.


Message History

The dream sheep bites you!
You wake up.
* * * LOW HITPOINT WARNING * * *
You hit the dream sheep.
The dream sheep is moderately wounded.
The dream sheep bites you but does no damage.
You hit the dream sheep. You kick the dream sheep.
The dream sheep is severely wounded.
The dream sheep is struck by your spines.
You kill the dream sheep!
You slash the yak! You kick the yak.
The yak is moderately wounded.
The yak is struck by your spines. The yak gores you.
* * * LOW HITPOINT WARNING * * *
You slash the yak!
The yak is heavily wounded.
The yak gores you!
* * * LOW HITPOINT WARNING * * *
You feel very mighty all of a sudden. The yak gores you!
You die...

# ## ###### .#
.#..... .# .'%%.Y≈
.# .'..P..### .#
.'..K.≈(K# .#
.#.....#Y# ##+###
##P≈P.≈#Y# ##(..##
#≈≈≈≈P#@# ......#
+.P≈PP#.# ......#
#######.# ......#
#.# ......# ##.#
####### ####..##
##..###. ##......#
)...#.....#.>.....#
..........#.......#


You could see a yak, a big kobold and a dream sheep.

Vanquished Creatures
  A troll (D:6)
  2 hippogriffs
  A dream sheep (D:8)
  A yak (D:8)
  A hungry ghost (D:5)
  A water moccasin (D:8)
  Purgy (D:4)
  5 ice beasts
  A black bear (D:8)
  3 sky beasts
  3 phantoms
  5 ogres
  3 centaurs
  A big kobold (D:8)
  2 bullfrogs
  2 gnoll sergeants
  A water moccasin zombie (D:4)
  3 scorpions
  A killer bee (D:8)
  4 wights (D:6)
  A howler monkey (D:5)
  4 crimson imps
  4 hounds
  4 orc priests
  A gnoll shaman (D:7)
  7 orc wizards
  Terence (D:2)
  2 iguanas
  6 worker ants
  Robin (D:2)
  13 gnolls
  16 adders
  2 shadow imps
  2 oozes (D:2)
  An adder zombie (D:6)
  2 adder skeletons
  6 worms
  3 dart slugs
  5 leopard geckos
  29 orcs
  2 giant cockroaches
  17 goblins
  9 hobgoblins
  3 jackals (D:5)
  7 quokkas
  5 bats
  2 frilled lizards (D:2)
  8 kobolds
  A leopard gecko zombie (D:5)
  A quokka zombie (D:7)
  8 rats
215 creatures vanquished.

Notes
Turn   | Place    | Note
-------+----------+-------------------------------------------
     0 | D:1      | manon the Demonspawn Fighter began the quest for the Orb.
     0 | D:1      | Reached XP level 1. HP: 18/18 MP: 1/1
    63 | D:1      | Reached skill level 2 in Long Blades
   160 | D:1      | Gained mutation: You are partially covered in sharp spines. [demonic ancestry]
   160 | D:1      | Reached XP level 2. HP: 24/24 MP: 2/2
   873 | D:2      | Reached skill level 1 in Dodging
   900 | D:2      | Reached skill level 3 in Long Blades
   900 | D:2      | Reached XP level 3. HP: 25/29 MP: 3/3
   909 | D:2      | Noticed Robin
   922 | D:2      | Noticed Terence
   925 | D:2      | Killed Robin
  1203 | D:2      | Reached XP level 4. HP: 27/35 MP: 4/4
  1248 | D:2      | Killed Terence
  1318 | D:2      | Noticed Sigmund
  1430 | D:2      | Reached skill level 4 in Long Blades
  1466 | D:2      | Gained mutation: You are partially covered in yellow scales. (AC +2) [demonic ancestry]
  1466 | D:2      | Reached XP level 5. HP: 36/41 MP: 5/5
  2199 | D:3      | Noticed an ogre
  2208 | D:4      | Gained mutation: You have large cloven feet. [demonic ancestry]
  2208 | D:4      | Reached XP level 6. HP: 34/47 MP: 6/6
  2288 | D:4      | Noticed a sky beast
  2303 | D:4      | Killed a sky beast
  2303 | D:4      | Reached skill level 5 in Long Blades
  2308 | D:4      | Found a glowing silver altar of Zin.
  2308 | D:4      | Found a hide-covered altar of Uskayaw.
  2309 | D:4      | Found a bloodstained altar of Trog.
  2311 | D:4      | Found a sacrificial altar of Ru.
  2725 | D:4      | Gained mutation: You are mostly covered in sharp spines. [demonic ancestry]
  2725 | D:4      | Reached XP level 7. HP: 40/52 MP: 7/7
  2830 | D:4      | Noticed Purgy
  2837 | D:4      | Killed Purgy
  2837 | D:4      | Reached skill level 6 in Long Blades
  2875 | D:4      | Found Minnyrorph's Food Shoppe.
  3030 | D:5      | Entered Level 5 of the Dungeon
  3030 | D:5      | Noticed a hungry ghost
  3046 | D:5      | Killed a hungry ghost
  3073 | D:5      | Reached skill level 7 in Long Blades
  3157 | D:5      | Reached XP level 8. HP: 45/58 MP: 8/8
  3492 | D:5      | Reached skill level 5 in Dodging
  3908 | D:6      | Noticed a hippogriff
  3946 | D:5      | Reached skill level 8 in Long Blades
  4064 | D:6      | Found Nuthutij's Armour Shoppe.
  4642 | D:6      | Killed a hippogriff
  4679 | D:6      | Noticed a troll
  4738 | D:6      | Killed a troll
  4738 | D:6      | Reached skill level 9 in Long Blades
  4738 | D:6      | Gained mutation: You are mostly covered in yellow scales. (AC +3) [demonic ancestry]
  4738 | D:6      | Reached XP level 9. HP: 32/63 MP: 9/9
  5560 | D:7      | Found a staircase to the Ecumenical Temple.
  5570 | Temple   | Entered the Ecumenical Temple
  5635 | Temple   | Became a worshipper of Ashenzari the Shackled
  5698 | D:7      | Found a snail-covered altar of Cheibriados.
  5751 | D:7      | Reached skill level 10 in Long Blades
  6572 | D:8      | Found a blossoming altar of Fedhas.
  6700 | D:8      | Reached XP level 10. HP: 55/70 MP: 10/10
  6730 | D:8      | Reached skill level 11 in Long Blades
  7099 | D:8      | Reached * piety under Ashenzari
  7122 | D:8      | Mangled by a yak

Skill      XL: |  1  2  3  4  5  6  7  8  9 10 |
---------------+-------------------------------+-----
Long Blades    | 2 3 4 5 7 9 10 11 | 11.5
Dodging        | 1 2 3 4 6 7 |  7.9
Fighting       | |  3.0
Armour         | |  2.6
Shields        | |  2.6

Action                   |  1- 3 |  4- 6 |  7- 9 | 10-12 || total
-------------------------+-------+-------+-------+-------++-------
Melee: Long sword        |    77 |   176 |   376 |    85 ||   714
       Kick              |       |     9 |   102 |    34 ||   145
 Fire: Hunting sling     |       |       |    13 |       ||    13
Throw: Stone             |       |     5 |       |       ||     5
Invok: Curse Item        |       |       |     2 |       ||     2
Evoke: Wand              |       |       |       |     2 ||     2
  Use: Potion            |     1 |     1 |     3 |     2 ||     7
       Scroll            |       |       |     4 |       ||     4
  Eat: Chunk             |       |     4 |    17 |       ||    21
       Royal jelly       |       |     1 |     1 |       ||     2
Armor: Scale mail        |    25 |    63 |   105 |    23 ||   216
       Plate armour      |       |       |    19 |       ||    19
Dodge: Dodged            |    22 |    36 |   119 |    37 ||   214
Block: Shield            |    30 |    70 |   154 |    44 ||   298
       Rpst.: Long sword |     7 |    18 |    28 |    10 ||    63
